 Dungeon Crawl Stone Soup version 0.27-a0-686-gaed091b46b (webtiles) character file.

Game seed: 6423109890743719878

40 Allula97 the Skirmisher (level 3, -6/29 HPs)
             Began as a Demonspawn Monk on Mar 21, 2021.
             Mangled by Sigmund
             ... wielding a +0 scythe
              (7 damage)
             ... on level 2 of the Dungeon.
             The game lasted 00:03:01 (1780 turns).

Allula97 the Skirmisher (Demonspawn Monk)           Turns: 1780, Time: 00:03:02

Health: -6/29      AC:  6    Str: 12    XL:     3   Next: 30%
Magic:  3/3        EV:  9    Int: 11    God:
Gold:   68         SH:  0    Dex: 15    Spells: 2/2 levels left

rFire    . . .     SeeInvis .   a - +0 mace
rCold    . . .     Faith    .   (no shield)
rNeg     . . .     Spirit   .   i - +0 scale mail
rPois    .         Reflect  .   (no helmet)
rElec    .         Harm     .   (no cloak)
rCorr    .         Rampage  .   (no gloves)
Will     .....                  (no boots)
Stlth    +.........             (no amulet)
HPRegen  0.09/turn              (no ring)
MPRegen  0.08/turn              (no ring)

@: flying
A: demonic guardian 1
a: no special abilities


You were on level 2 of the Dungeon.
You visited 1 branch of the dungeon, and saw 2 of its levels.

You collected 68 gold pieces.

Inventory:

Hand Weapons
 a - a +0 mace (weapon)
Armour
 b - a +0 robe
 i - a +0 scale mail (worn)
Jewellery
 c - an amulet of faith
Scrolls
 e - a scroll of identify {unknown}
 h - a scroll of holy word {unknown}
 j - a scroll of magic mapping {unknown}


   Skills:
 * Level 3.3 Fighting
 * Level 3.2 Maces & Flails
 * Level 0.7 Armour
 * Level 3.0 Dodging
 * Level 2.0 Stealth


You had 2 spell levels left.
You didn't know any spells.
Your spell library was empty.

Dungeon Overview and Level Annotations

Branches:
Dungeon (2/15)

Altars:

Annotations:
D:2 Sigmund


Innate Abilities, Weirdness & Mutations

A weak demonic guardian rushes to your aid.


Message History

You bump into the rock wall.
Sigmund barely misses you. The kobold closely misses you.
You closely miss Sigmund.
Sigmund is lightly wounded.
You feel less invigorated.
You feel less confused. Sigmund hits you with a +0 scythe!
The kobold hits you but does no damage.
You barely miss Sigmund.
Sigmund is lightly wounded.
Sigmund hits you with a +0 scythe. The kobold closely misses you.
You completely miss Sigmund.
Sigmund is lightly wounded.
Sigmund barely misses you. The kobold hits you but does no damage.
Sigmund hits you with a +0 scythe!
* * * LOW HITPOINT WARNING * * *
A demonic guardian appears!
As you read the scroll labelled KYMOOM UNGULL, it crumbles to dust.
Wisps of shadow whirl around you...
It was a scroll of summoning.
The kobold hits you but does no damage.
Your quasit bites the kobold but does no damage.
Your quasit completely misses the kobold.
Your quasit claws the kobold.
Sigmund closely misses you.
This is a scroll of acquirement!
Something appears at your feet!
Your bat closely misses Sigmund.
Your bat hits the kobold but does no damage.
Your quasit bites the kobold but does no damage.
Your quasit closely misses the kobold.
Your quasit completely misses the kobold.
The kobold closely misses you.
Your giant cockroach completely misses Sigmund.
Sigmund closely misses you.
You aren't carrying any potions.
As you read the scroll of summoning, it crumbles to dust.
Wisps of shadow whirl around you...
Your bat closely misses Sigmund.
Your quasit bites the kobold.
Your quasit barely misses the kobold.
Your quasit claws the kobold.
The kobold dies!
Your giant cockroach bites Sigmund but does no damage.
Sigmund hits you with a +0 scythe!
You die...

..........
#..........
#............
..........>.##
##.............
#..............
...........###.
...........##.b###
...........##b5)@#
....†.......#.#b@#
............#.#B.#
)#........#.#.#b.#
.##......##...#..#
.###.##..........#
.###.##†###......#
#... ###..##.#
##.##### #...
##..###.###..#
#....


You could see Sigmund (ally target), a friendly quasit (summoned), a friendly
giant cockroach (summoned) and 4 friendly bats.

Vanquished Creatures
  An ooze (D:1)
  2 dart slugs (D:2)
  A leopard gecko (D:1)
  A giant cockroach (D:2)
  4 goblins
  4 hobgoblins
  7 kobolds
  A ball python (D:2)
  2 bats (D:1)
  4 frilled lizards
  5 rats (D:1)
32 creatures vanquished.

Vanquished Creatures (collateral kills)
  A kobold (D:2)
  A quokka (D:1)
2 creatures vanquished.

Grand Total: 34 creatures vanquished

Notes
Turn   | Place    | Note
-------+----------+-------------------------------------------
     0 | D:1      | Allula97 the Demonspawn Monk began the quest for the Orb.
     0 | D:1      | Reached XP level 1. HP: 18/18 MP: 1/1
   288 | D:1      | Gained mutation: A weak demonic guardian rushes to your
                  | aid. [demonic ancestry]
   288 | D:1      | Reached XP level 2. HP: 16/24 MP: 2/2
  1496 | D:1      | Reached XP level 3. HP: 29/29 MP: 3/3
  1765 | D:2      | Noticed Sigmund
  1777 | D:2      | HP: 1/29 [Sigmund/+0 scythe (9)]
  1779 | D:2      | Identified a scroll of acquirement
  1779 | D:2      | Acquired a +0 pair of gloves of archery
  1780 | D:2      | Mangled by Sigmund

Illustrated notes

Levels and vault maps discovered:
D:1:      onia_arrival_handbag, layout_loops_cross
D:2:      layout_rooms, minmay_split_cup_small, uniq_crazy_yiuf_cottage,
          uniq_sigmund

Skill      XL: |  1  2  3 |
---------------+----------+-----
Dodging        | 3 |  3.0
Maces & Flails | 3 |  3.2
Stealth        | 2 |  2.0
Fighting       | |  3.3
Armour         | |  0.7

Action                   || total
-------------------------++-------
Melee: Mace              ||   105
  Use: Scroll            ||     3
       Potion            ||     2
 Stab: Sleeping          ||     5
Armor: Robe              ||     6
       Scale mail        ||    29
Dodge: Dodged            ||    67

Table legend: (Time is in decaauts)
 A = Elapsed time spent in this place.
 B = Non-inter-level travel time spent in this place.
 C = Inter-level travel time spent in this place.
 D = Time resting spent in this place.
 E = Time spent auto-exploring this place.
 F = Levels seen in this place.
 G = Mean time per level.
                   A        B        C        D        E       F      G
               +--------+--------+--------+--------+--------+-----+--------+
         Total |   1805 |   1805 |      0 |    104 |   1319 |   2 |  902.5 |
       Dungeon |   1805 |   1805 |      0 |    104 |   1319 |   2 |  902.5 |
               +--------+--------+--------+--------+--------+-----+--------+

Top non-repeatable levels by time:
     D:1: 1579 daAuts
     D:2: 226 daAuts
